Stars vs Canucks
Created - 5 décembre 2014 at 22:31
Goals
|
Stars |
0 |
2 |
2 |
4 |
Canucks |
2 |
1 |
2 |
5 |
|
Shots
|
Stars |
5 |
11 |
11 |
27 |
Canucks |
7 |
7 |
15 |
29 |
|
1st period
1. Canucks , Alex Goligoski 4 (Joe Sakic) at 3:20 (PP)
2. Canucks , Jaromir Jagr 15 (Matt Stajan, Peter Worrell) at 10:10 (PP)
Penalties :
Kurtis Foster (Dal) for Cross-checking (Minor) at 3:18, David Jones (Van) for Hooking (Minor) at 4:24, Henrik Sedin (Dal) for Holding (Minor) at 9:56, Brendan Bell (Dal) for Cross-checking (Minor) at 11:45, Éric Belanger (Dal) for Interference (Minor) at 16:14
2nd period
3. Stars , Hugh Jessiman 2 (Éric Belanger) at 9:21
4. Stars , Alexei Morozov 11 (Daniel Sedin, Henrik Sedin) at 14:58 (PP)
5. Canucks , Alex Goligoski 5 (Peter Worrell, Matt Stajan) at 16:08 (PP)
Penalties :
Alexei Morozov (Dal) for Slashing (Minor) at 1:38, Pavel Kubina (Dal) for Hooking (Minor) at 4:48, Steve Ott (Van) for Roughing (Minor) at 7:02, Kurtis Foster (Dal) for Roughing (Minor) at 11:29, Kim Johnsson (Van) for Cross-checking (Minor) at 14:41, Kurtis Foster (Dal) for Hooking (Minor) at 15:55
3rd period
6. Stars , Henrik Sedin 19 (Alexei Morozov, Pavel Kubina) at 0:47 (PP)
7. Canucks , Jaromir Jagr 16 (Matt Stajan) at 4:11
8. Canucks , Clarke MacArthur 16 (Nikolai Zherdev, Steve Montador) at 4:59
9. Stars , Randy Jones 1 (Bryan Berard, Jan Hlavac) at 7:04
Penalties :
Matt Stajan (Van) for Hooking (Minor) at 0:40, Alex Goligoski (Van) for Diving (Minor) at 0:48, Peter Worrell (Van) for Hooking (Minor) at 7:07
Goalie Stats
Pascal Leclaire (Dal), 15 saves from 20 shots - (0,750), L, 9-10-2, 44:59 minutes
Patrick Lalime (Dal), 9 saves from 9 shots - (1,000), 14:44 minutes
Carey Price (Van), 23 saves from 27 shots - (0,852), W, 15-12-3, 60:00 minutes
Players Stats for Stars
Player Name G A P +/- PIM S H SB GA TA FO MP PP MP PK MP
------------------------------------------------------------------------------------
Alexei Morozov 1 1 2 0 2 2 2 0 1 1 1/1 20:55 4:29 4:31
Brendan Bell 0 0 0 0 2 0 2 0 0 0 0/0 14:14 0:00 0:45
Bryan Berard 0 1 1 1 0 3 1 2 0 0 0/0 19:05 3:12 4:13
Daniel Sedin 0 1 1 0 0 2 2 1 0 0 0/1 20:08 4:41 4:22
Éric Belanger 0 1 1 1 2 2 1 0 0 0 2/6 12:51 0:20 0:00
Evgeny Artyukhin 0 0 0 -1 0 1 3 0 0 0 0/0 15:35 3:31 0:00
Filip Novak 0 0 0 0 0 0 0 1 0 1 0/0 14:47 0:00 1:23
Henrik Sedin 1 1 2 0 2 5 4 0 0 1 19/35 24:35 4:41 5:14
Hugh Jessiman 1 0 1 1 0 3 0 1 0 0 0/0 12:00 0:08 0:00
Jan Hlavac 0 1 1 0 0 0 0 1 0 0 0/0 6:52 0:00 1:00
John Tavares 0 0 0 0 0 0 0 0 1 0 0/2 7:27 0:08 0:41
Kurtis Foster 0 0 0 -1 6 1 5 2 0 0 0/0 26:18 5:08 4:53
Marty Reasoner 0 0 0 0 0 0 0 0 0 0 0/0 0:22 0:00 0:00
Milan Michalek 0 0 0 -1 0 3 1 0 0 0 1/1 15:35 3:31 0:00
Pavel Kubina 0 1 1 -1 2 3 0 0 0 0 0/0 26:36 5:08 5:02
Randy Jones 1 0 1 1 0 1 0 0 0 0 0/0 19:24 3:12 4:32
Sean Avery 0 0 0 1 0 0 2 0 0 0 3/3 14:30 0:00 2:21
Tomas Plekanec 0 0 0 -1 0 1 1 0 1 0 2/8 18:14 3:31 2:39
Players Stats for Canucks
Player Name G A P +/- PIM S H SB GA TA FO MP PP MP PK MP
------------------------------------------------------------------------------------
Alex Goligoski 2 0 2 1 2 5 0 1 0 0 0/0 28:23 5:33 4:11
Alex Tanguay 0 0 0 -1 0 0 2 0 2 0 1/1 13:47 0:44 1:12
Andy Rogers 0 0 0 -2 0 0 0 0 0 0 0/0 10:53 0:00 1:20
Chris Phillips 0 0 0 1 0 1 0 2 0 1 0/0 20:48 4:51 2:49
Clarke MacArthur 1 0 1 0 0 3 0 0 0 0 0/1 20:25 4:30 2:36
David Jones 0 0 0 -1 2 2 1 0 0 0 0/0 11:57 0:27 0:00
Jaromir Jagr 2 0 2 1 0 5 0 0 0 1 4/13 24:44 5:11 4:16
Jeremy Williams 0 0 0 0 0 0 0 0 0 0 0/0 0:00 0:00 0:00
Joe Sakic 0 1 1 0 0 1 4 0 0 0 7/9 18:29 4:30 0:33
Kim Johnsson 0 0 0 1 2 1 2 0 0 0 0/0 20:47 4:51 2:49
Matt Stajan 0 3 3 1 2 3 3 1 0 0 15/29 21:51 5:26 4:12
Maxim Lapierre 0 0 0 -1 0 1 1 0 0 0 1/2 12:24 0:00 2:02
Nikolai Zherdev 0 1 1 0 0 3 2 0 1 0 1/2 17:47 4:30 0:00
Nils Ekman 0 0 0 0 0 0 0 0 0 0 0/0 3:52 0:00 0:00
Peter Worrell 0 2 2 1 2 0 2 0 0 0 0/0 20:02 5:26 1:49
Sami Lepisto 0 0 0 -2 0 0 1 1 0 0 0/0 10:12 0:00 0:00
Steve Montador 0 1 1 1 0 4 3 0 0 1 0/0 29:00 5:33 5:31
Steve Ott 0 0 0 0 2 0 0 0 0 0 0/0 6:13 0:28 0:00
3 Stars
1 - Jaromir Jagr (Van)
2 - Alex Goligoski (Van)
3 - Matt Stajan (Van)
Power Play
Stars - 2 on 6 Attempt(s) - 33,33%
Canucks - 3 on 8 Attempt(s) - 37,50%
Penalty Kill
Stars - 5 on 8 Attempt(s) - 62,50%
- Score 0 goal in Penalty Kill
Canucks - 4 on 6 Attempt(s) - 66,67%
- Score 0 goal in Penalty Kill
Official
Referees : Banfield David and O'Halloran Dan
Linesman : Derek Amell and Mark Shewchyk
Game Notes
0:47 of 3rd period - Stars goal is going for a video replay. After video review, Goal.
Patrick Lalime enters game at 4:59 of 3rd period
Finance
Level 1 -- Attendance: 4735 (78,92%) -- Ticket Income 435 620 $
Level 2 -- Attendance: 4407 (88,14%) -- Ticket Income 229 164 $
Level 3 -- Attendance: 1883 (94,15%) -- Ticket Income 56 490 $
Level 4 -- Attendance: 3922 (98,05%) -- Ticket Income 66 674 $
Luxury Box -- Attendance: 980 (98,00%) -- Ticket Income 98 000 $
Game was played at the Budweiser Coliseum
Total Attendance: 15927 (88,48%)
Total Ticket Income: 885 948 $
Other Income: 132 892 $
Total Income: 1 018 840 $
Stars
5 vs 5 Forward
Center Left Wing Right Wing Time % Phy DF OF
1 Henrik Sedin Daniel Sedin Alexei Morozov 40 1 2 2
2 Tomas Plekanec Milan Michalek Evgeny Artyukhin 30 1 2 2
3 Éric Belanger Sean Avery Hugh Jessiman 20 1 2 2
4 John Tavares Jan Hlavac Henrik Sedin 10 1 2 2
5 vs 5 Defense
Defense Defense Time % Phy DF OF
1 Pavel Kubina Kurtis Foster 40 1 2 2
2 Randy Jones Bryan Berard 30 1 2 2
3 Brendan Bell Filip Novak 20 1 2 2
4 Pavel Kubina Kurtis Foster 10 1 2 2
PowerPlay Forward
Center Left Wing Right Wing Time % Phy DF OF
1 Henrik Sedin Daniel Sedin Alexei Morozov 60 1 2 2
2 Tomas Plekanec Milan Michalek Evgeny Artyukhin 40 1 2 2
PowerPlay Defense
Defense Defense Time % Phy DF OF
1 Pavel Kubina Kurtis Foster 60 1 2 2
2 Randy Jones Bryan Berard 40 1 2 2
Penalty Kill 4 Players Forward
Center Wing Time % Phy DF OF
1 Henrik Sedin Alexei Morozov 60 1 2 2
2 Daniel Sedin Tomas Plekanec 40 1 2 2
Penalty Kill 4 Players Defense
Defense Defense Time % Phy DF OF
1 Pavel Kubina Kurtis Foster 60 1 2 2
2 Randy Jones Bryan Berard 40 1 2 2
Penalty Kill - 3 Players Forward
Forward Time % Phy DF OF
1 Henrik Sedin 60 1 2 2
2 Alexei Morozov 40 1 2 2
Penalty Kill - 3 Players Defense
Defense Defense Time % Phy DF OF
1 Pavel Kubina Kurtis Foster 60 1 2 2
2 Randy Jones Bryan Berard 40 1 2 2
4 vs 4 Forward
Center Wing Time % Phy DF OF
1 Henrik Sedin Alexei Morozov 60 1 2 2
2 Daniel Sedin Tomas Plekanec 40 1 2 2
4 vs 4 Defense
Defense Defense Time % Phy DF OF
1 Pavel Kubina Kurtis Foster 60 1 2 2
2 Randy Jones Bryan Berard 40 1 2 2
Last Minutes Offensive
Center Left Wing Right Wing Defense Defense
Henrik Sedin Daniel Sedin Alexei Morozov Pavel Kubina Kurtis Foster
Last Minutes Defensive
Center Left Wing Right Wing Defense Defense
Henrik Sedin Daniel Sedin Alexei Morozov Pavel Kubina Kurtis Foster
Goaltenders
Starting : Pascal Leclaire
Backup : Patrick Lalime
Extra Forwards
Normal : Éric Belanger, John Tavares, Sean Avery - PP : Éric Belanger, John Tavares - PK : Sean Avery
Extra Defensemen
Normal : Brendan Bell, Filip Novak, Randy Jones - PP : Brendan Bell - PK : Filip Novak, Randy Jones
Penalty Shots
Henrik Sedin, Alexei Morozov, Daniel Sedin, Tomas Plekanec, Milan Michalek
Canucks
5 vs 5 Forward
Center Left Wing Right Wing Time % Phy DF OF
1 Matt Stajan Peter Worrell Jaromir Jagr 40 1 2 2
2 Joe Sakic Clarke MacArthur Nikolai Zherdev 30 1 2 2
3 Maxim Lapierre Alex Tanguay David Jones 20 1 2 2
4 Jaromir Jagr Steve Ott Nils Ekman 10 1 2 2
5 vs 5 Defense
Defense Defense Time % Phy DF OF
1 Alex Goligoski Steve Montador 40 1 2 2
2 Kim Johnsson Chris Phillips 30 1 2 2
3 Sami Lepisto Andy Rogers 20 1 2 2
4 Alex Goligoski Steve Montador 10 1 2 2
PowerPlay Forward
Center Left Wing Right Wing Time % Phy DF OF
1 Matt Stajan Peter Worrell Jaromir Jagr 60 1 2 2
2 Joe Sakic Clarke MacArthur Nikolai Zherdev 40 1 2 2
PowerPlay Defense
Defense Defense Time % Phy DF OF
1 Alex Goligoski Steve Montador 60 1 2 2
2 Kim Johnsson Chris Phillips 40 1 2 2
Penalty Kill 4 Players Forward
Center Wing Time % Phy DF OF
1 Jaromir Jagr Matt Stajan 60 1 2 2
2 Peter Worrell Clarke MacArthur 40 1 2 2
Penalty Kill 4 Players Defense
Defense Defense Time % Phy DF OF
1 Alex Goligoski Steve Montador 60 1 2 2
2 Kim Johnsson Chris Phillips 40 1 2 2
Penalty Kill - 3 Players Forward
Forward Time % Phy DF OF
1 Jaromir Jagr 60 1 2 2
2 Matt Stajan 40 1 2 2
Penalty Kill - 3 Players Defense
Defense Defense Time % Phy DF OF
1 Alex Goligoski Steve Montador 60 1 2 2
2 Kim Johnsson Chris Phillips 40 1 2 2
4 vs 4 Forward
Center Wing Time % Phy DF OF
1 Jaromir Jagr Matt Stajan 60 1 2 2
2 Peter Worrell Clarke MacArthur 40 1 2 2
4 vs 4 Defense
Defense Defense Time % Phy DF OF
1 Alex Goligoski Steve Montador 60 1 2 2
2 Kim Johnsson Chris Phillips 40 1 2 2
Last Minutes Offensive
Center Left Wing Right Wing Defense Defense
Matt Stajan Peter Worrell Jaromir Jagr Alex Goligoski Steve Montador
Last Minutes Defensive
Center Left Wing Right Wing Defense Defense
Matt Stajan Peter Worrell Jaromir Jagr Alex Goligoski Steve Montador
Goaltenders
Starting : Carey Price
Backup : José Theodore
Extra Forwards
Normal : Alex Tanguay, Steve Ott, Maxim Lapierre - PP : Alex Tanguay, Steve Ott - PK : Maxim Lapierre
Extra Defensemen
Normal : Sami Lepisto, Andy Rogers, Kim Johnsson - PP : Sami Lepisto - PK : Andy Rogers, Kim Johnsson
Penalty Shots
Jaromir Jagr, Matt Stajan, Peter Worrell, Clarke MacArthur, Joe Sakic
% Time on Ice - Stars
Lines # - Real PCT - Wanted PCT - Time Play
Normal Forward
1 - 27% - 40% - 10:57
2 - 30% - 30% - 12:04
3 - 29% - 20% - 11:39
4 - 14% - 10% - 5:50
Normal Defense
1 - 37% - 40% - 15:02
2 - 29% - 30% - 11:40
3 - 33% - 20% - 13:24
4 - 1% - 10% - 0:24
PP Forward
1 - 58% - 60% - 4:49
2 - 42% - 40% - 3:31
PP Defense
1 - 62% - 60% - 5:08
2 - 38% - 40% - 3:12
PK Forward
1 - 75% - 60% - 7:45
2 - 25% - 40% - 2:39
PK Defense
1 - 61% - 60% - 6:20
2 - 39% - 40% - 4:04
PK3 Forward
1 - 0% - 60%
2 - 0% - 40%
PK3 Defense
1 - 0% - 60%
2 - 0% - 40%
44 Forward
1 - 0% - 60%
2 - 0% - 40%
44 Defense
1 - 0% - 60%
2 - 0% - 40%
Last Minute Offensive - 0:46
Last Minute Defensive - 0:00
Total
Forward - 60:00
Defense - 60:00
|
% Time on Ice - Canucks
Lines # - Real PCT - Wanted PCT - Time Play
Normal Forward
1 - 30% - 40% - 12:15
2 - 35% - 30% - 14:15
3 - 25% - 20% - 10:08
4 - 10% - 10% - 3:52
Normal Defense
1 - 42% - 40% - 17:08
2 - 32% - 30% - 13:08
3 - 23% - 20% - 9:28
4 - 2% - 10% - 0:46
PP Forward
1 - 57% - 60% - 5:54
2 - 43% - 40% - 4:30
PP Defense
1 - 53% - 60% - 5:33
2 - 47% - 40% - 4:51
PK Forward
1 - 69% - 60% - 5:44
2 - 31% - 40% - 2:36
PK Defense
1 - 66% - 60% - 5:31
2 - 34% - 40% - 2:49
PK3 Forward
1 - 0% - 60%
2 - 0% - 40%
PK3 Defense
1 - 0% - 60%
2 - 0% - 40%
44 Forward
1 - 0% - 60%
2 - 0% - 40%
44 Defense
1 - 0% - 60%
2 - 0% - 40%
Last Minute Offensive - 0:00
Last Minute Defensive - 0:46
Total
Forward - 60:00
Defense - 60:00
|
Play by Play
1st period
0:01 of 1st period - Matt Stajan wins face-off versus Henrik Sedin in neutral zone.
0:04 of 1st period - Kurtis Foster is hit by Matt Stajan and loses puck.
0:25 of 1st period - Alex Goligoski is hit by Kurtis Foster and loses puck.
0:56 of 1st period - Snap shot by Éric Belanger.
0:56 of 1st period - Shot Blocked by Chris Phillips.
0:58 of 1st period - Slapshot by Éric Belanger.
0:58 of 1st period - Stopped by Carey Price with a rebound.
1:45 of 1st period - Matt Stajan is hit by Brendan Bell and loses puck.
2:14 of 1st period - Sami Lepisto is hit by Evgeny Artyukhin and loses puck.
2:21 of 1st period - Backhand shot by Milan Michalek.
2:21 of 1st period - Stopped by Carey Price with a rebound.
3:09 of 1st period - Brendan Bell is hit by Steve Montador and loses puck.
3:18 of 1st period - Minor Penalty to Kurtis Foster for Cross-checking.
3:19 of 1st period - Joe Sakic wins face-off versus Henrik Sedin in Stars zone.
3:20 of 1st period - Snap shot by Alex Goligoski.
3:20 of 1st period - Goal by Alex Goligoski - Stars : 0 - Canucks : 1.
3:21 of 1st period - Henrik Sedin wins face-off versus Matt Stajan in neutral zone.
3:46 of 1st period - Steve Montador is hit by Kurtis Foster.
3:54 of 1st period - Slapshot by Tomas Plekanec.
3:54 of 1st period - Shot Misses the Net.
4:16 of 1st period - Slapshot by Pavel Kubina.
4:16 of 1st period - Deflect By Sami Lepisto.
4:16 of 1st period - Stopped by Carey Price with a rebound.
4:18 of 1st period - Snap shot by Éric Belanger.
4:18 of 1st period - Shot Blocked by Sami Lepisto.
4:24 of 1st period - Minor Penalty to David Jones for Hooking.
4:25 of 1st period - Henrik Sedin wins face-off versus Jaromir Jagr in Canucks zone.
5:01 of 1st period - Slapshot by Alex Goligoski.
5:01 of 1st period - Shot Blocked by Bryan Berard.
5:31 of 1st period - Kim Johnsson is hit by Henrik Sedin and loses puck.
5:48 of 1st period - Kim Johnsson is hit by Kurtis Foster and loses puck.
6:05 of 1st period - Milan Michalek is hit by Peter Worrell and loses puck.
6:24 of 1st period - Penalty to David Jones is over, David Jones is back on ice.
6:54 of 1st period - Wrist shot by Jaromir Jagr.
6:54 of 1st period - Stopped by Pascal Leclaire with a rebound.
6:56 of 1st period - Wrist shot by Jaromir Jagr.
6:56 of 1st period - Shot Blocked by Filip Novak.
6:58 of 1st period - Slapshot by Alex Goligoski.
6:58 of 1st period - Stopped by Pascal Leclaire with a rebound.
7:10 of 1st period - Maxim Lapierre is hit by Éric Belanger and loses puck.
7:31 of 1st period - Snap shot by Steve Ott.
7:31 of 1st period - Shot Misses the Net.
7:43 of 1st period - Snap shot by Joe Sakic.
7:43 of 1st period - Deflect By Nikolai Zherdev.
7:43 of 1st period - Stopped by Pascal Leclaire without a rebound.
7:44 of 1st period - Joe Sakic wins face-off versus John Tavares in Stars zone.
7:49 of 1st period - Wrist shot by Joe Sakic.
7:49 of 1st period - Shot Misses the Net.
8:05 of 1st period - Matt Stajan is hit by Evgeny Artyukhin and loses puck.
8:16 of 1st period - Snap shot by Jaromir Jagr.
8:16 of 1st period - Shot Misses the Net.
9:21 of 1st period - Slapshot by Henrik Sedin.
9:21 of 1st period - Deflect By Sean Avery.
9:21 of 1st period - Shot Misses the Net.
9:21 of 1st period - Puck is out of play.
9:22 of 1st period - Éric Belanger wins face-off versus Jaromir Jagr in Canucks zone.
9:23 of 1st period - Snap shot by Sean Avery.
9:23 of 1st period - Deflect By Hugh Jessiman.
9:23 of 1st period - Stopped by Carey Price with a rebound.
9:50 of 1st period - Slapshot by Nikolai Zherdev.
9:50 of 1st period - Shot Blocked by Daniel Sedin.
9:56 of 1st period - Minor Penalty to Henrik Sedin for Holding.
9:57 of 1st period - Sean Avery wins face-off versus Jaromir Jagr in Stars zone.
10:10 of 1st period - Snap shot by Jaromir Jagr.
10:10 of 1st period - Goal by Jaromir Jagr - Stars : 0 - Canucks : 2.
10:11 of 1st period - Matt Stajan wins face-off versus Henrik Sedin in neutral zone.
11:43 of 1st period - Snap shot by David Jones.
11:43 of 1st period - Stopped by Pascal Leclaire with a rebound.
11:45 of 1st period - Minor Penalty to Brendan Bell for Cross-checking.
11:46 of 1st period - Henrik Sedin wins face-off versus Jaromir Jagr in Stars zone.
12:11 of 1st period - Pavel Kubina is hit by Joe Sakic and loses puck.
12:18 of 1st period - Snap shot by Nikolai Zherdev.
12:18 of 1st period - Shot Misses the Net.
12:20 of 1st period - Snap shot by Nikolai Zherdev.
12:20 of 1st period - Stopped by Pascal Leclaire without a rebound.
12:21 of 1st period - Henrik Sedin wins face-off versus Matt Stajan in Stars zone.
12:45 of 1st period - Henrik Sedin is hit by Steve Montador and loses puck.
13:15 of 1st period - Snap shot by Daniel Sedin.
13:15 of 1st period - Stopped by Carey Price with a rebound.
13:30 of 1st period - Off-side.
13:31 of 1st period - Sean Avery wins face-off versus Matt Stajan in neutral zone.
13:45 of 1st period - Penalty to Brendan Bell is over, Brendan Bell is back on ice.
13:46 of 1st period - Snap shot by Jaromir Jagr.
13:46 of 1st period - Shot Blocked by Kurtis Foster.
15:37 of 1st period - Backhand shot by John Tavares.
15:37 of 1st period - Shot Misses the Net.
16:04 of 1st period - Slapshot by Alex Goligoski.
16:04 of 1st period - Shot Misses the Net.
16:14 of 1st period - Minor Penalty to Éric Belanger for Interference.
16:15 of 1st period - Joe Sakic wins face-off versus Henrik Sedin in Stars zone.
16:48 of 1st period - Tomas Plekanec is hit by Matt Stajan.
17:36 of 1st period - Chris Phillips is hit by Kurtis Foster and loses puck.
18:03 of 1st period - Peter Worrell is hit by Kurtis Foster.
18:14 of 1st period - Penalty to Éric Belanger is over, Éric Belanger is back on ice.
18:29 of 1st period - Evgeny Artyukhin is hit by Kim Johnsson and loses puck.
19:07 of 1st period - Icing by Tomas Plekanec.
19:08 of 1st period - Milan Michalek wins face-off versus Matt Stajan in Stars zone.
19:08 of 1st period - Milan Michalek is hit by Steve Montador.
Goals for this period are 0 for Stars vs 2 for Canucks.
Shots for this period are 5 for Stars vs 7 for Canucks.
2nd period
0:01 of 2nd period - Matt Stajan wins face-off versus Henrik Sedin in neutral zone.
0:14 of 2nd period - Slapshot by Pavel Kubina.
0:14 of 2nd period - Shot Blocked by Alex Goligoski.
0:16 of 2nd period - Snap shot by Henrik Sedin.
0:16 of 2nd period - Stopped by Carey Price with a rebound.
0:26 of 2nd period - Kurtis Foster is hit by Nikolai Zherdev and loses puck.
0:31 of 2nd period - Wrist shot by Nikolai Zherdev.
0:31 of 2nd period - Deflect By Joe Sakic.
0:31 of 2nd period - Shot Misses the Net.
0:31 of 2nd period - Puck is out of play.
0:32 of 2nd period - Henrik Sedin wins face-off versus Nikolai Zherdev in Stars zone.
0:41 of 2nd period - Slapshot by Henrik Sedin.
0:41 of 2nd period - Stopped by Carey Price with a rebound.
1:38 of 2nd period - Minor Penalty to Alexei Morozov for Slashing.
1:39 of 2nd period - Matt Stajan wins face-off versus Henrik Sedin in Stars zone.
2:04 of 2nd period - Nikolai Zherdev is hit by Daniel Sedin and loses puck.
3:38 of 2nd period - Penalty to Alexei Morozov is over, Alexei Morozov is back on ice.
4:11 of 2nd period - Nils Ekman is hit by Brendan Bell and loses puck.
4:48 of 2nd period - Minor Penalty to Pavel Kubina for Hooking.
4:49 of 2nd period - Henrik Sedin wins face-off versus Matt Stajan in Stars zone.
6:48 of 2nd period - Penalty to Pavel Kubina is over, Pavel Kubina is back on ice.
6:55 of 2nd period - Slapshot by Pavel Kubina.
6:55 of 2nd period - Shot Hit the Post.
7:02 of 2nd period - Minor Penalty to Steve Ott for Roughing.
7:03 of 2nd period - Jaromir Jagr wins face-off versus Tomas Plekanec in Canucks zone.
8:11 of 2nd period - Daniel Sedin is hit by Kim Johnsson and loses puck.
9:02 of 2nd period - Penalty to Steve Ott is over, Steve Ott is back on ice.
9:13 of 2nd period - Wrist shot by Éric Belanger.
9:13 of 2nd period - Stopped by Carey Price without a rebound.
9:14 of 2nd period - Joe Sakic wins face-off versus Éric Belanger in Canucks zone.
9:21 of 2nd period - Snap shot by Éric Belanger.
9:21 of 2nd period - Deflect By Hugh Jessiman.
9:21 of 2nd period - Goal by Hugh Jessiman - Stars : 1 - Canucks : 2.
9:22 of 2nd period - Tomas Plekanec wins face-off versus Matt Stajan in neutral zone.
9:29 of 2nd period - Slapshot by Bryan Berard.
9:29 of 2nd period - Stopped by Carey Price without a rebound.
9:30 of 2nd period - Matt Stajan wins face-off versus Tomas Plekanec in Canucks zone.
9:30 of 2nd period - Matt Stajan is hit by Milan Michalek.
9:36 of 2nd period - Snap shot by Milan Michalek.
9:36 of 2nd period - Shot Blocked by Chris Phillips.
9:48 of 2nd period - Slapshot by Evgeny Artyukhin.
9:48 of 2nd period - Stopped by Carey Price without a rebound.
9:49 of 2nd period - Henrik Sedin wins face-off versus Joe Sakic in Canucks zone.
10:18 of 2nd period - Off-side.
10:19 of 2nd period - Tomas Plekanec wins face-off versus Matt Stajan in neutral zone.
10:48 of 2nd period - Icing by Hugh Jessiman.
10:49 of 2nd period - Joe Sakic wins face-off versus Éric Belanger in Stars zone.
10:50 of 2nd period - Snap shot by Nikolai Zherdev.
10:50 of 2nd period - Shot Blocked by Kurtis Foster.
11:29 of 2nd period - Minor Penalty to Kurtis Foster for Roughing.
11:30 of 2nd period - Matt Stajan wins face-off versus Henrik Sedin in Stars zone.
11:42 of 2nd period - Slapshot by Peter Worrell.
11:42 of 2nd period - Shot Misses the Net.
11:44 of 2nd period - Wrist shot by Matt Stajan.
11:44 of 2nd period - Stopped by Pascal Leclaire with a rebound.
13:24 of 2nd period - Slapshot by Kim Johnsson.
13:24 of 2nd period - Stopped by Pascal Leclaire without a rebound.
13:25 of 2nd period - Sean Avery wins face-off versus Matt Stajan in Stars zone.
13:29 of 2nd period - Penalty to Kurtis Foster is over, Kurtis Foster is back on ice.
13:44 of 2nd period - Slapshot by Hugh Jessiman.
13:44 of 2nd period - Stopped by Carey Price with a rebound.
14:04 of 2nd period - Snap shot by Milan Michalek.
14:04 of 2nd period - Shot Misses the Net.
14:06 of 2nd period - Backhand shot by Filip Novak.
14:06 of 2nd period - Shot Misses the Net.
14:22 of 2nd period - Icing by Brendan Bell.
14:23 of 2nd period - Joe Sakic wins face-off versus John Tavares in Stars zone.
14:41 of 2nd period - Minor Penalty to Kim Johnsson for Cross-checking.
14:42 of 2nd period - Jaromir Jagr wins face-off versus Henrik Sedin in Canucks zone.
14:52 of 2nd period - Slapshot by Kurtis Foster.
14:52 of 2nd period - Stopped by Carey Price without a rebound.
14:53 of 2nd period - Henrik Sedin wins face-off versus Jaromir Jagr in Canucks zone.
14:56 of 2nd period - Snap shot by Daniel Sedin.
14:56 of 2nd period - Stopped by Carey Price with a rebound.
14:58 of 2nd period - Snap shot by Alexei Morozov.
14:58 of 2nd period - Goal by Alexei Morozov - Stars : 2 - Canucks : 2.
14:59 of 2nd period - Henrik Sedin wins face-off versus Matt Stajan in neutral zone.
15:15 of 2nd period - Alex Goligoski is hit by Henrik Sedin and loses puck.
15:28 of 2nd period - Wrist shot by Tomas Plekanec.
15:28 of 2nd period - Stopped by Carey Price without a rebound.
15:29 of 2nd period - Joe Sakic wins face-off versus Tomas Plekanec in Canucks zone.
15:52 of 2nd period - Wrist shot by Matt Stajan.
15:52 of 2nd period - Stopped by Pascal Leclaire without a rebound.
15:53 of 2nd period - Henrik Sedin wins face-off versus Matt Stajan in Stars zone.
15:55 of 2nd period - Minor Penalty to Kurtis Foster for Hooking.
15:56 of 2nd period - Henrik Sedin wins face-off versus Jaromir Jagr in Stars zone.
16:08 of 2nd period - Slapshot by Alex Goligoski.
16:08 of 2nd period - Goal by Alex Goligoski - Stars : 2 - Canucks : 3.
16:09 of 2nd period - Henrik Sedin wins face-off versus Matt Stajan in neutral zone.
16:20 of 2nd period - Wrist shot by Alexei Morozov.
16:20 of 2nd period - Shot Misses the Net.
16:48 of 2nd period - Off-side.
16:49 of 2nd period - Henrik Sedin wins face-off versus Joe Sakic in neutral zone.
17:00 of 2nd period - Snap shot by Joe Sakic.
17:00 of 2nd period - Stopped by Pascal Leclaire with a rebound.
17:02 of 2nd period - Snap shot by Alex Goligoski.
17:02 of 2nd period - Shot Misses the Net.
17:04 of 2nd period - Slapshot by Steve Montador.
17:04 of 2nd period - Stopped by Pascal Leclaire without a rebound.
17:05 of 2nd period - Maxim Lapierre wins face-off versus Daniel Sedin in Stars zone.
17:08 of 2nd period - Snap shot by David Jones.
17:08 of 2nd period - Shot Misses the Net.
17:10 of 2nd period - Slapshot by Alex Goligoski.
17:10 of 2nd period - Shot Misses the Net.
19:15 of 2nd period - Snap shot by Maxim Lapierre.
19:15 of 2nd period - Stopped by Pascal Leclaire with a rebound.
19:39 of 2nd period - Slapshot by Brendan Bell.
19:39 of 2nd period - Shot Misses the Net.
19:57 of 2nd period - Steve Montador is hit by Alexei Morozov and loses puck.
Goals for this period are 2 for Stars vs 1 for Canucks.
Shots for this period are 11 for Stars vs 7 for Canucks.
3rd period
0:01 of 3rd period - Matt Stajan wins face-off versus Henrik Sedin in neutral zone.
0:35 of 3rd period - Slapshot by Milan Michalek.
0:35 of 3rd period - Stopped by Carey Price without a rebound.
0:36 of 3rd period - Henrik Sedin wins face-off versus Matt Stajan in Canucks zone.
0:40 of 3rd period - Minor Penalty to Matt Stajan for Hooking.
0:41 of 3rd period - Henrik Sedin wins face-off versus Jaromir Jagr in Canucks zone.
0:41 of 3rd period - Snap shot by Alexei Morozov.
0:41 of 3rd period - Shot Misses the Net.
0:43 of 3rd period - Slapshot by Pavel Kubina.
0:43 of 3rd period - Deflect By Alexei Morozov.
0:43 of 3rd period - Stopped by Carey Price with a rebound.
0:45 of 3rd period - Slapshot by Alexei Morozov.
0:45 of 3rd period - Shot Misses the Net.
0:47 of 3rd period - Wrist shot by Henrik Sedin.
0:47 of 3rd period - Stars goal is going for a video replay.
0:47 of 3rd period - The goal is good.
0:47 of 3rd period - Goal by Henrik Sedin - Stars : 3 - Canucks : 3.
0:48 of 3rd period - Matt Stajan wins face-off versus Henrik Sedin in neutral zone.
0:48 of 3rd period - Minor Penalty to Alex Goligoski for Diving.
0:49 of 3rd period - Henrik Sedin wins face-off versus Jaromir Jagr in Canucks zone.
1:11 of 3rd period - Steve Montador is hit by Henrik Sedin and loses puck.
1:31 of 3rd period - Snap shot by Steve Montador.
1:31 of 3rd period - Stopped by Pascal Leclaire with a rebound.
1:33 of 3rd period - Slapshot by Steve Montador.
1:33 of 3rd period - Stopped by Pascal Leclaire with a rebound.
2:48 of 3rd period - Penalty to Alex Goligoski is over, Alex Goligoski is back on ice.
2:56 of 3rd period - Hugh Jessiman is hit by Alex Tanguay and loses puck.
3:15 of 3rd period - Filip Novak is hit by Nikolai Zherdev and loses puck.
4:07 of 3rd period - Wrist shot by Matt Stajan.
4:07 of 3rd period - Shot Blocked by Jan Hlavac.
4:09 of 3rd period - Slapshot by Chris Phillips.
4:09 of 3rd period - Stopped by Pascal Leclaire without a rebound.
4:10 of 3rd period - Matt Stajan wins face-off versus Éric Belanger in Stars zone.
4:11 of 3rd period - Wrist shot by Jaromir Jagr.
4:11 of 3rd period - Goal by Jaromir Jagr - Stars : 3 - Canucks : 4.
4:12 of 3rd period - Matt Stajan wins face-off versus Henrik Sedin in neutral zone.
4:25 of 3rd period - Wrist shot by Henrik Sedin.
4:25 of 3rd period - Stopped by Carey Price without a rebound.
4:26 of 3rd period - Matt Stajan wins face-off versus Henrik Sedin in Canucks zone.
4:26 of 3rd period - Matt Stajan is hit by Alexei Morozov.
4:55 of 3rd period - Slapshot by Steve Montador.
4:55 of 3rd period - Stopped by Pascal Leclaire with a rebound.
4:57 of 3rd period - Wrist shot by Nikolai Zherdev.
4:57 of 3rd period - Shot Misses the Net.
4:59 of 3rd period - Snap shot by Clarke MacArthur.
4:59 of 3rd period - Goal by Clarke MacArthur - Stars : 3 - Canucks : 5.
4:59 of 3rd period - Patrick Lalime enters game.
5:00 of 3rd period - Henrik Sedin wins face-off versus Matt Stajan in neutral zone.
5:15 of 3rd period - Wrist shot by Alexei Morozov.
5:15 of 3rd period - Deflect By Daniel Sedin.
5:15 of 3rd period - Shot Blocked by Matt Stajan.
5:15 of 3rd period - Puck is out of play.
5:16 of 3rd period - Nikolai Zherdev wins face-off versus Tomas Plekanec in Canucks zone.
5:16 of 3rd period - Nikolai Zherdev is hit by Evgeny Artyukhin.
5:52 of 3rd period - Alexei Morozov is hit by Matt Stajan and loses puck.
6:32 of 3rd period - Chris Phillips is hit by Bryan Berard.
7:00 of 3rd period - Slapshot by Bryan Berard.
7:00 of 3rd period - Stopped by Carey Price with a rebound.
7:02 of 3rd period - Slapshot by Bryan Berard.
7:02 of 3rd period - Stopped by Carey Price with a rebound.
7:04 of 3rd period - Slapshot by Randy Jones.
7:04 of 3rd period - Goal by Randy Jones - Stars : 4 - Canucks : 5.
7:05 of 3rd period - Matt Stajan wins face-off versus Henrik Sedin in neutral zone.
7:07 of 3rd period - Minor Penalty to Peter Worrell for Hooking.
7:08 of 3rd period - Jaromir Jagr wins face-off versus Henrik Sedin in Canucks zone.
7:22 of 3rd period - Slapshot by Pavel Kubina.
7:22 of 3rd period - Stopped by Carey Price without a rebound.
7:23 of 3rd period - Alexei Morozov wins face-off versus Jaromir Jagr in Canucks zone.
7:38 of 3rd period - Snap shot by Henrik Sedin.
7:38 of 3rd period - Stopped by Carey Price with a rebound.
7:58 of 3rd period - Slapshot by Clarke MacArthur.
7:58 of 3rd period - Shot Misses the Net.
8:36 of 3rd period - Evgeny Artyukhin is hit by Maxim Lapierre.
9:07 of 3rd period - Penalty to Peter Worrell is over, Peter Worrell is back on ice.
9:44 of 3rd period - Andy Rogers is hit by Henrik Sedin and loses puck.
10:27 of 3rd period - John Tavares is hit by Peter Worrell and loses puck.
10:45 of 3rd period - Icing by Brendan Bell.
10:46 of 3rd period - Henrik Sedin wins face-off versus Maxim Lapierre in Stars zone.
11:19 of 3rd period - Slapshot by Alex Goligoski.
11:19 of 3rd period - Stopped by Patrick Lalime with a rebound.
12:34 of 3rd period - Wrist shot by Jaromir Jagr.
12:34 of 3rd period - Shot Blocked by Hugh Jessiman.
12:45 of 3rd period - Jaromir Jagr is hit by Sean Avery.
13:27 of 3rd period - Randy Jones is hit by Sami Lepisto and loses puck.
13:45 of 3rd period - Brendan Bell is hit by Joe Sakic and loses puck.
13:58 of 3rd period - David Jones is hit by Tomas Plekanec and loses puck.
14:36 of 3rd period - Jaromir Jagr is hit by Sean Avery and loses puck.
15:00 of 3rd period - Henrik Sedin is hit by Alex Tanguay.
15:24 of 3rd period - Slapshot by Clarke MacArthur.
15:24 of 3rd period - Stopped by Patrick Lalime with a rebound.
15:34 of 3rd period - Nikolai Zherdev is hit by Daniel Sedin and loses puck.
15:53 of 3rd period - Icing by Steve Ott.
15:54 of 3rd period - Alex Tanguay wins face-off versus Éric Belanger in Canucks zone.
16:16 of 3rd period - Snap shot by David Jones.
16:16 of 3rd period - Stopped by Patrick Lalime without a rebound.
16:17 of 3rd period - Matt Stajan wins face-off versus Tomas Plekanec in Stars zone.
16:18 of 3rd period - Wrist shot by Jaromir Jagr.
16:18 of 3rd period - Shot Blocked by Bryan Berard.
16:43 of 3rd period - Bryan Berard is hit by David Jones.
17:07 of 3rd period - Éric Belanger is hit by Joe Sakic and loses puck.
17:25 of 3rd period - Snap shot by Milan Michalek.
17:25 of 3rd period - Stopped by Carey Price without a rebound.
17:26 of 3rd period - Matt Stajan wins face-off versus Tomas Plekanec in Canucks zone.
17:57 of 3rd period - Icing by Éric Belanger.
17:58 of 3rd period - Éric Belanger wins face-off versus Clarke MacArthur in Stars zone.
17:58 of 3rd period - Éric Belanger is hit by Joe Sakic.
18:51 of 3rd period - Slapshot by Pavel Kubina.
18:51 of 3rd period - Stopped by Carey Price with a rebound.
19:01 of 3rd period - Wrist shot by Nikolai Zherdev.
19:01 of 3rd period - Stopped by Patrick Lalime with a rebound.
19:03 of 3rd period - Snap shot by Clarke MacArthur.
19:03 of 3rd period - Shot Misses the Net.
19:13 of 3rd period - Wrist shot by Nikolai Zherdev.
19:13 of 3rd period - Deflect By Clarke MacArthur.
19:13 of 3rd period - Stopped by Patrick Lalime without a rebound.
19:14 of 3rd period - Barry Trotz call a timeout for Stars.
19:14 of 3rd period - Matt Stajan wins face-off versus Henrik Sedin in Stars zone.
19:21 of 3rd period - Snap shot by Matt Stajan.
19:21 of 3rd period - Stopped by Patrick Lalime with a rebound.
19:23 of 3rd period - Snap shot by Jaromir Jagr.
19:23 of 3rd period - Stopped by Patrick Lalime with a rebound.
19:25 of 3rd period - Snap shot by Jaromir Jagr.
19:25 of 3rd period - Stopped by Patrick Lalime without a rebound.
19:26 of 3rd period - Jaromir Jagr wins face-off versus Henrik Sedin in Stars zone.
19:33 of 3rd period - Snap shot by Matt Stajan.
19:33 of 3rd period - Shot Misses the Net.
19:37 of 3rd period - Snap shot by Alex Goligoski.
19:37 of 3rd period - Stopped by Patrick Lalime without a rebound.
19:38 of 3rd period - Henrik Sedin wins face-off versus Matt Stajan in Stars zone.
19:43 of 3rd period - Stars, Patrick Lalime is pulled from the net.
Goals for this period are 2 for Stars vs 2 for Canucks.
Shots for this period are 11 for Stars vs 15 for Canucks.
Output by the SimonT Hockey Simulator (STHS) for François Prévost -- Original Page W3C XHTML 1.0 Valid